 Dungeon Crawl Stone Soup version 0.27-a0-1242-ge70438ac7b (webtiles) character file.

Game seed: 12775744918117559788

48 EldarEldrad the Ruffian (level 3, -1/29 HPs)
             Began as a Hill Orc Transmuter on June 9, 2021.
             Slain by a jackal (2 damage)
             ... on level 2 of the Dungeon.
             The game lasted 00:08:34 (1587 turns).

EldarEldrad the Ruffian (Hill Orc Transmuter)       Turns: 1587, Time: 00:08:35

Health: -1/29      AC:  4    Str: 13    XL:     3   Next: 72%
Magic:  5/5        EV:  9    Int: 13    God:
Gold:   45         SH:  6    Dex: 11    Spells: 4/5 levels left

rFire    . . .     SeeInvis .   b - +0 short sword
rCold    . . .     Faith    .   f - +0 kite shield
rNeg     . . .     Spirit   .   a - +0 robe
rPois    .         Reflect  .   (no helmet)
rElec    .         Harm     .   (no cloak)
rCorr    .         Rampage  .   j - +1 pair of gloves
Will     .....                  (no boots)
Stlth    +.........             (no amulet)
HPRegen  0.09/turn              i - ring of wizardry
MPRegen  0.09/turn              (no ring)

@: lethally poisoned (-1 -> -3)
A: no striking features
a: no special abilities


You were on level 2 of the Dungeon.
You visited 1 branch of the dungeon, and saw 2 of its levels.

You collected 45 gold pieces.

Inventory:

Hand Weapons
 b - a +0 short sword (weapon)
 k - a +0 mace
Missiles
 c - 5 stones (quivered)
 l - 2 throwing nets
Armour
 a - a +0 robe (worn)
 f - a +0 kite shield (worn)
 j - a +1 pair of gloves (worn)
Jewellery
 i - a ring of wizardry (left hand)
Scrolls
 d - a scroll of immolation {unknown}
 e - a scroll of teleportation {unknown}
 g - a scroll of holy word {unknown}
 h - 2 scrolls of identify {unknown}


   Skills:
 + Level 2.2 Fighting
 + Level 1.4 Long Blades
 * Level 2.5 Dodging
 - Level 3.2 Unarmed Combat
 - Level 1.5 Spellcasting
 - Level 1.4 Transmutations


You had 4 spell levels left.
You knew the following spells:

 Your Spells              Type           Power      Damage    Failure   Level
a - Beastly Appendage     Tmut           8%         N/A       38%         1

Your spell library contained the following spells:

 Spells                   Type           Power      Damage    Failure   Level
 Wereblood                Tmut           4%         N/A       50%         2
 Animate Skeleton         Necr           2%         N/A       56%         1
 Apportation              Tloc           2%         N/A       56%         1
 Corona                   Hex            1%         N/A       56%         1
 Summon Small Mammal      Summ           4%         N/A       56%         1
 Spider Form              Tmut/Pois      1%         N/A       82%         3
 Ice Form                 Ice/Tmut       2%         N/A       99%         4


Dungeon Overview and Level Annotations

Branches:
Dungeon (2/15)

Altars:


Message History

The adder poisons you!
You miss the adder.
The adder is moderately wounded.
You feel very sick. The adder barely misses you. The adder closely misses you.
The jackal barks!
You hit the adder.
The adder is heavily wounded.
You feel sick. The adder bites you but does no damage.
You closely miss the adder.
The adder is heavily wounded.
You feel sick. The adder barely misses you. x2
You barely miss the adder.
The adder is heavily wounded.
You feel sick. The adder bites you.
You are more poisoned.
The adder poisons you! The adder bites you. You block the jackal's attack.
You hit the adder.
The adder is almost dead.
You feel very sick. The adder bites you.
The jackal bites you but does no damage.
The adder bites you but does no damage. You block the jackal's attack.
You miss the adder.
The adder is almost dead.
You feel sick. You block the adder's attack. The jackal bites you.
* * * LOW HITPOINT WARNING * * *
The adder bites you.
* * * LOW HITPOINT WARNING * * *
The jackal closely misses you.
You hit the adder.
You kill the adder!
* * * LOW HITPOINT WARNING * * *
You feel sick.
The jackal bites you but does no damage.
You block the jackal's attack.
You closely miss the jackal.
* * * LOW HITPOINT WARNING * * *
You feel sick. You block the jackal's attack. The jackal bites you.
You die...

..# #.#
###.#######
#.........#
.####.........#
..........(...#
#####.........#
#......h..#
#.>.....@†#
#........<#
#.........#
#.........#
.......######
.........#
#.#.......#
#..######## ...


You could see a jackal.

Vanquished Creatures
  An adder (D:2)
  2 dart slugs (D:1)
  3 ball pythons (D:1)
  2 endoplasms
  2 giant cockroaches (D:1)
  4 goblins
  2 hobgoblins (D:1)
  4 jackals
  4 bats (D:1)
  6 frilled lizards (D:1)
  5 kobolds (D:1)
35 creatures vanquished.

Notes
Turn   | Place    | Note
-------+----------+-------------------------------------------
     0 | D:1      | EldarEldrad the Hill Orc Transmuter began the quest for the
                  | Orb.
     0 | D:1      | Reached XP level 1. HP: 16/16 MP: 3/3
   422 | D:1      | Reached XP level 2. HP: 23/23 MP: 4/4
   800 | D:1      | Reached skill level 1 in Long Blades
   932 | D:1      | Reached XP level 3. HP: 29/29 MP: 5/5
  1586 | D:2      | HP: 1/29 [poisoned by an adder]
  1587 | D:2      | Slain by a jackal

Illustrated notes

Levels and vault maps discovered:
D:1:      minmay_arrival_up_and_down, layout_loops_ring
D:2:      layout_rooms, serial_shops, shop

Skill      XL: |  1  2  3 |
---------------+----------+-----
Dodging        | 2 |  2.5
Long Blades    | 1 |  1.4
Fighting       | 2 |  2.2
Unarmed Combat | |  3.2
Spellcasting   | |  1.5
Transmutations | |  1.4

Action                   || total
-------------------------++-------
Melee: Short sword       ||   139
       Unarmed           ||     1
       Punch             ||     1
Throw: Stone             ||    26
 Cast: Beastly Appendage ||     2
 Stab: Sleeping          ||     1
Armor: Robe              ||    41
Dodge: Dodged            ||    66
Block: Kite shield       ||    45

Table legend: (Time is in decaauts)
 A = Elapsed time spent in this place.
 B = Non-inter-level travel time spent in this place.
 C = Inter-level travel time spent in this place.
 D = Time resting spent in this place.
 E = Time spent auto-exploring this place.
 F = Levels seen in this place.
 G = Mean time per level.
                   A        B        C        D        E       F      G
               +--------+--------+--------+--------+--------+-----+--------+
         Total |   1647 |   1590 |     57 |    410 |    712 |   2 |  823.5 |
       Dungeon |   1647 |   1590 |     57 |    410 |    712 |   2 |  823.5 |
               +--------+--------+--------+--------+--------+-----+--------+

Top non-repeatable levels by time:
     D:1: 1511 daAuts
     D:2: 136 daAuts
